 Dungeon Crawl Stone Soup version 0.29.0-4-gdea44cf6ec (webtiles) character file.

Game seed: 3870875104954302254

2062916 mdonais the Sorcerer (level 27, 258/258 HPs)
             Began as a Palentonga Summoner on Aug 27, 2022.
             Was the Champion of Ashenzari.
             Escaped with the Orb
             ... and 4 runes on Aug 28, 2022!
             The game lasted 07:27:14 (90296 turns).

mdonais the Sorcerer (Palentonga Summoner)         Turns: 90296, Time: 07:27:14

Health: 258/258    AC: 34    Str: 25    XL:     27
Magic:  48/48      EV: 20    Int: 24    God:    Ashenzari [******]
Gold:   5168       SH: 25    Dex: 12    Spells: 11/79 levels left

rFire   + . .      SeeInvis +   E - +8 demon trident "Rift" {distort, reach+, Evo, Fort} (curse)
rCold   + . .      Faith    .   o - +2 tower shield of Curses and Power {Cun, Fort} (curse)
rNeg    + . .      Spirit   .   c - +4 swamp dragon scales "Unveiling the Ego" {rPois, Bglg, Comp} (curse)
rPois   +          Reflect  .   e - +2 helmet "Bound With Me" {Self, Comp} (curse)
rElec   +          Harm     .   d - +1 cloak of the Circumscribed Sky {rC+ Will+ Regen+ Int+4, Comp, Elem} (curse)
rCorr   .          Rampage  .   t - +2 pair of gloves of the Manifest Blue Moon {Str+3, Comp, Cun} (curse)
Will    +++++      Clarity  +   K - +1 barding "Nihilism of Ashenzari" {rElec, Range, Self} (curse)
Stlth   +.........              C - necklace of Bloodlust {*Rage Will++ Int-3 Slay+6, Bglg, Fort} (curse)
HPRegen 1.33/turn               O - ring "Revealing Oracle" {rF+ rN+ Str+3, Comp, Evo} (curse)
MPRegen 0.31/turn               L - ring of the Hare {EV+8, Self, Elem} (curse)

@: studying 2 skills
A: large, rugged brown scales 3, see invisible, deformed body, roll 1, armoured
tail, reflexive curl, low MP 1, evolution 1
0: Orb of Zot
}: 4/15 runes: barnacled, slimy, silver, gossamer
a: Rolling Charge, Renounce Religion, Shatter the Chains


You escaped.
You worshipped Ashenzari.
Ashenzari was exalted by your worship.
You visited 11 branches of the dungeon, and saw 53 of its levels.
You visited 1 bazaar.
You visited 1 ziggurat, and saw 8 of its levels.
You also visited: Trove, Gauntlet, Ice Cave and Desolation.

You collected 8702 gold pieces.
You spent 3534 gold pieces at shops.

Inventory:

Hand Weapons
 E - the cursed +8 demon trident "Rift" (weapon) {distort, reach+, Evo, Fort}
   (You acquired it on level 2 of the Orcish Mines)

   It warps and distorts space around it, and may blink, banish, or inflict
   extra damage upon those it strikes.
   Unwielding it can cause banishment or high damage.
   It can reach especially far, and its reaching attacks ignore other creatures
   in the way.
   It has a curse which improves the following skills: Evocations: Evocations.
   Fortitude: Armour and Shields.
Missiles
 x - 24 silver javelins
 F - 15 curare-tipped darts
 Z - 4 throwing nets (quivered) {=!f}
Armour
 c - the cursed +4 swamp dragon scales "Unveiling the Ego" (worn) {rPois, Bglg, Comp}
   (You bought it in a shop on level 1 of the Depths)

   rPois:     It protects you from poison.
   It has a curse which improves the following skills: Beguiling: Conjurations,
   Hexes and Translocations.
   Companions: Summonings and Necromancy.
 d - the cursed +1 cloak of the Circumscribed Sky (worn) {rC+ Will+ Regen+ Int+4, Comp, Elem}
   (You bought it in a shop in a bazaar)

   Int:       It affects your intelligence (+4).
   rC:        It protects you from cold.
   Regen:     It increases your rate of health regeneration.
   Will:      It increases your willpower.
   It has a curse which improves the following skills: Companions: Summonings
   and Necromancy.
   Elements:  Fire Magic, Ice Magic, Air Magic and Earth Magic.
 e - the cursed +2 helmet "Bound With Me" (worn) {Self, Comp}
   (You found it on level 1 of the Dungeon)

   It has a curse which improves the following skills: Introspection: Fighting
   and Spellcasting.
   Companions: Summonings and Necromancy.
 g - the +4 dragonskin cloak
   (You took it off Tiamat on level 4 of the Realm of Zot)

   It grants the wearer a chance to resist fire, cold, poison, electricity,
   acid, and negative energy.
 o - the cursed +2 tower shield of Curses and Power (worn) {Cun, Fort}
   (You took it off a vault guard on level 2 of the Vaults)

   It has a curse which improves the following skills: Cunning: Dodging and
   Stealth.
   Fortitude: Armour and Shields.
 t - the cursed +2 pair of gloves of the Manifest Blue Moon (worn) {Str+3, Comp, Cun}
   (You found it on level 3 of the Elven Halls)

   It has a curse which improves the following skills: Companions: Summonings
   and Necromancy.
   Cunning:   Dodging and Stealth.
 K - the cursed +1 barding "Nihilism of Ashenzari" (worn) {rElec, Range, Self}
   (You acquired it on level 2 of the Orcish Mines)

   rElec:     It insulates you from electricity.
   It has a curse which improves the following skills: Ranged Combat: Ranged
   Weapons and Throwing.
   Introspection: Fighting and Spellcasting.
Jewellery
 a - the ring of the Tortoise {AC+8}
   (You found it on level 5 of a ziggurat)

   [ring of protection]

   AC:        It affects your AC (+8).
 y - the ring of Makhleb's Esteem {AC+4 Int+6}
   (You found it on level 1 of the Realm of Zot)

   [ring of protection]

   AC:        It affects your AC (+4).
   Int:       It affects your intelligence (+6).
 C - the cursed necklace of Bloodlust (around neck) {*Rage Will++ Int-3 Slay+6, Bglg, Fort}
   (You found it on level 1 of the Orcish Mines)

   [amulet of nothing]

   It extends the wearer's berserk rage when killing foes.
   Int:       It affects your intelligence (-3).
   Slay:      It affects your accuracy & damage with ranged weapons and melee
   (+6).
   *Rage:     It berserks you when you make melee attacks (+50% chance).
   Will:      It greatly increases your willpower.
   It has a curse which improves the following skills: Beguiling: Conjurations,
   Hexes and Translocations.
   Fortitude: Armour and Shields.
 L - the cursed ring of the Hare (right hand) {EV+8, Self, Elem}
   (You found it on level 2 of the Orcish Mines)

   [ring of evasion]

   EV:        It affects your evasion (+8).
   It has a curse which improves the following skills: Introspection: Fighting
   and Spellcasting.
   Elements:  Fire Magic, Ice Magic, Air Magic and Earth Magic.
 O - the cursed ring "Revealing Oracle" (left hand) {rF+ rN+ Str+3, Comp, Evo}
   (You found it in the Desolation of Salt)

   [ring of protection from fire]

   Str:       It affects your strength (+3).
   rF:        It protects you from fire.
   rN:        It protects you from negative energy.
   It has a curse which improves the following skills: Companions: Summonings
   and Necromancy.
   Evocations: Evocations.
 V - the ring "Hamilabi" {+Blink rF+ Int+3}
   (You found it in the Desolation of Salt)

   [ring of protection from fire]

   Int:       It affects your intelligence (+3).
   rF:        It protects you from fire.
   +Blink:    It lets you blink.
Wands
 z - a wand of light (9)
   (You found it on level 2 of the Depths)
 D - a wand of digging (4)
   (You found it on level 14 of the Dungeon)
 I - a wand of iceblast (39)
   (You took it off Maurice on level 11 of the Dungeon)
 P - a wand of paralysis (50)
   (You found it on level 7 of the Dungeon)
Scrolls
 j - 14 scrolls of immolation
 p - 16 scrolls of fog
 q - 7 scrolls of poison
 r - 9 scrolls of fear
 v - 2 scrolls of summoning
 B - 9 scrolls of blinking
 M - 6 scrolls of magic mapping
 S - 4 scrolls of silence
 T - 15 scrolls of teleportation
Potions
 b - 6 potions of berserk rage
 k - 7 potions of ambrosia
 l - 18 potions of flight
 n - 12 potions of mutation
 u - 3 potions of might
 w - 12 potions of brilliance
 A - 6 potions of lignification
 G - 9 potions of magic
 H - 8 potions of haste
 J - 23 potions of heal wounds
 N - 9 potions of resistance
 Q - 25 potions of curing
 R - 3 potions of invisibility
 W - 4 potions of cancellation
Miscellaneous
 f - a phantom mirror
   (You found it on level 5 of the Vaults)
 s - a condenser vane
   (You found it on level 5 of the Lair of Beasts)
 U - a phial of floods
   (You found it on level 4 of the Lair of Beasts)
 X - a box of beasts
   (You found it on level 5 of the Vaults)
 Y - a tin of tremorstones (2/2)
   (You found it on level 9 of the Dungeon)


   Skills:
 + Level 20.7(25.4) Fighting
 - Level 13.7 Polearms
 - Level 2.0(4.0) Throwing
 - Level 12.4(17.5) Armour
 - Level 11.6(15.5) Dodging
 - Level 2.0(4.8) Stealth
 + Level 19.1(23.9) Shields
 + Level 21.9(26.6) Spellcasting
 - Level 4.0(7.5) Hexes
 - Level 20.1(27) Summonings
 - Level 6.2(13.0) Necromancy
 - Level 11.1(15.0) Translocations
 - Level 3.0 Transmutations
 - Level 2.6(5.7) Fire Magic
 - Level 4.3(7.9) Air Magic
 - Level 0.5(2.1) Earth Magic
 - Level 8.3(12.2) Evocations


You had 11 spell levels left.
You knew the following spells:

 Your Spells              Type           Power      Damage    Failure   Level
a - Monstrous Menagerie   Summ           52%        N/A       1%          7
b - Summon Hydra          Summ           52%        N/A       1%          7
c - Haunt                 Necr/Summ      45%        N/A       1%          7
d - Summon Forest         Summ/Tloc      46%        N/A       0%          5
e - Malign Gateway        Summ/Tloc      46%        N/A       1%          7
f - Summon Horrible Thin  Summ           52%        N/A       1%          8
g - Dragon's Call         Summ           52%        N/A       2%          9
h - Blink                 Tloc           100%       N/A       0%          2
i - Dispersal             Tloc           40%        N/A       1%          6
j - Summon Mana Viper     Hex/Summ       86%        N/A       1%          5
k - Swiftness             Air            63%        N/A       1%          3
l - Passwall              Tmut/Erth      36%        N/A       1%          2

Your spell library contained the following spells:

 Spells                   Type           Power      Damage    Failure   Level
 Apportation              Tloc           100%       N/A       0%          1
 Necrotise                Necr           100%       1d9       0%          1
 Summon Small Mammal      Summ           100%       N/A       0%          1
 Call Imp                 Summ           100%       N/A       0%          2
 Sublimation of Blood     Necr           76%        N/A       0%          2
 Call Canine Familiar     Summ           100%       N/A       0%          3
 Gell's Gravitas          Tloc           81%        N/A       0%          3
 Lesser Beckoning         Tloc           81%        N/A       0%          3
 Summon Guardian Golem    Hex/Summ       86%        N/A       0%          3
 Teleport Other           Tloc           81%        N/A       0%          3
 Summon Lightning Spire   Summ/Air       86%        N/A       0%          4
 Summon Cactus Giant      Summ           52%        N/A       0%          6
 Beastly Appendage        Tmut           92%        N/A       1%          1
 Foxfire                  Conj/Fire      100%       2x1d9     1%          1
 Magic Dart               Conj           100%       1d8       1%          1
 Shock                    Conj/Air       100%       1d9       1%          1
 Slow                     Hex            100%       N/A       1%          1
 Ensorcelled Hibernation  Hex/Ice        100%       N/A       1%          2
 Poisonous Vapours        Pois/Air       100%       N/A       1%          2
 Scorch                   Fire           100%       2d10      1%          2
 Searing Ray              Conj           68%        2d6       1%          2
 Static Discharge         Conj/Air       51%        3-10/arc  1%          2
 Wereblood                Tmut           46%        N/A       1%          2
 Conjure Flame            Conj/Fire      47%        6-21      1%          3
 Dazzling Flash           Conj/Hex       100%       N/A       1%          3
 Ignite Poison            Fire/Tmut/Pois 45%        N/A       1%          3
 Inner Flame              Hex/Fire       59%        N/A       1%          3
 Mephitic Cloud           Conj/Pois/Air  45%        N/A       1%          3
 Portal Projectile        Hex/Tloc       100%       N/A       1%          3
 Tukima's Dance           Hex            62%        N/A       1%          3
 Vampiric Draining        Necr           76%        2d11      1%          3
 Airstrike                Air            31%        2d(5-21)  1%          4
 Anguish                  Hex/Necr       34%        N/A       1%          4
 Animate Armour           Summ/Erth      100%       N/A       1%          4
 Animate Dead             Necr           76%        N/A       1%          4
 Cause Fear               Hex            31%        N/A       1%          4
 Corpse Rot               Necr/Pois/Air  60%        N/A       1%          4
 Dispel Undead            Necr           76%        3d25      1%          4
 Iskenderun's Mystic Bla  Conj/Tloc      62%        2d13      1%          4
 Summon Ice Beast         Ice/Summ       78%        N/A       1%          4
 Agony                    Necr           76%        N/A       1%          5
 Borgnjor's Vile Clutch   Necr/Erth      31%        N/A       1%          5
 Manifold Assault         Tloc           81%        N/A       1%          5
 Silence                  Hex/Air        31%        N/A       1%          5
 Death Channel            Necr           38%        N/A       1%          6
 Spider Form              Tmut/Pois      39%        N/A       2%          3
 Stone Arrow              Conj/Erth      76%        3d11      2%          3
 Frozen Ramparts          Ice            68%        1d11      3%          3
 Ozocubu's Armour         Ice            34%        N/A       3%          3
 Fulminant Prism          Conj/Hex       25%        3d14      3%          4
 Flame Wave               Conj/Fire      47%        2d12      4%          4
 Sticky Flame             Conj/Fire      47%        2d6       4%          4
 Yara's Violent Unravell  Hex/Tmut       27%        3d12      4%          5
 Spellforged Servitor     Conj/Summ      39%        N/A       4%          7
 Ice Form                 Ice/Tmut       40%        N/A       8%          4
 Lightning Bolt           Conj/Air       25%        1d41      8%          5
 Metabolic Englaciation   Hex/Ice        25%        N/A       9%          5
 Fireball                 Conj/Fire      23%        3d11      12%         5
 Blade Hands              Tmut           23%        N/A       13%         5
 Freezing Cloud           Conj/Ice/Air   23%        6-21      13%         5
 Olgreb's Toxic Radiance  Pois           31%        N/A       16%         4
 Simulacrum               Ice/Necr       29%        N/A       16%         6
 Irradiate                Conj/Tmut      20%        3d18      22%         5
 Disjunction              Tloc           40%        N/A       22%         8
 Alistair's Intoxication  Tmut/Pois      26%        N/A       24%         5
 Infestation              Necr           38%        N/A       45%         8
 Enfeeble                 Hex            31%        N/A       52%         7
 Starburst                Conj/Fire      23%        6d8       56%         6
 Statue Form              Tmut/Erth      29%        N/A       65%         6
 Eringya's Noxious Bog    Tmut/Pois      19%        N/A       80%         6
 Storm Form               Tmut/Air       27%        N/A       82%         7
 Dragon Form              Tmut           23%        N/A       99%         7
 Discord                  Hex            31%        N/A       99%         8
 Maxwell's Capacitive Co  Air            31%        ∞         99%         8
 Orb of Destruction       Conj           17%        9d7       100%        7
 Ozocubu's Refrigeration  Ice            17%        4d11      100%        7
 Ignition                 Fire           28%        3d9       100%        8
 Lehudib's Crystal Spear  Conj/Erth      19%        10d6      100%        8
 Chain Lightning          Conj/Air       25%        3d34      100%        9
 Polar Vortex             Ice            17%        N/A       100%        9


Dungeon Overview and Level Annotations

Branches:
Dungeon (15/15)            Temple (1/1) D:6            Lair (5/5) D:8
 Shoals (4/4) Lair:2       Spider (4/4) Lair:3        Slime (5/5) Lair:5
    Orc (2/2) D:12            Elf (3/3) Orc:2        Vaults (5/5) D:13
  Crypt (0/3) Vaults:3     Depths (4/4) D:15            Zot (5/5) Depths:4
  IceCv (visited)         Desolation (visited)      Gauntlet (visited)

Altars:
Ashenzari
Cheibriados
Dithmenos
Elyvilon
Fedhas
Gozag
Hepliaklqana
Kikubaaqudgha
Makhleb
Nemelex Xobeh
Okawaru
Qazlal
Ru
Sif Muna
Trog
Uskayaw
Vehumet
Wu Jian
Xom
Yredelemnul
Zin
The Shining One
Jiyva

Shops:
D:7 =   D:10 **   D:12 *   D:14 (   Orc:2 (((?   Elf:2 (   Shoals:1 ?
Vaults:2 !   Vaults:5 (   Depths:1 [:=*[

Portals:
Hell: Depths:1 Depths:2 Depths:3 Depths:4
Abyss: Depths:1 Depths:3 Depths:4
Pandemonium: Depths:2

Annotations:
Zot:4 4 transporters
Zot:5 1 exclusion
Abyss:1 ShutUppercut's ghost, legendary DsGl


Innate Abilities, Weirdness & Mutations

You are completely covered in rugged brown scales. (AC +3, +7% HP)
You have supernaturally acute eyesight. (SInv)
Armour fits poorly on your strangely shaped body.
You can roll at nearby foes to attack.
You have a long armoured tail.
You curl defensively after being hit. (AC +7*)
Your magical capacity is low. (-10% MP)
You have hidden genetic potential.


Message History

There is a stone staircase leading down here.
(D) Dungeon (T) Temple (L) Lair (A) Shoals (N) Spider Nest (M) Slime Pits (O) Orcish Mines (E) Elven Halls (V) Vaults (C) Crypt (U) Depths (H) Hell (Z) Zot
Where to? (Enter - D:12, ? - help)
What level of the Dungeon? (default 1, ? - help)
A lorocyproca comes into view.
You impale the lorocyproca!!
Space warps around the lorocyproca.
The lorocyproca is moderately wounded.
You hit the lorocyproca but do no damage.
Space warps around the lorocyproca.
The lorocyproca is moderately wounded.
You hit the lorocyproca.
The lorocyproca is moderately wounded.
You puncture the lorocyproca!
The lorocyproca is devoured by a tear in reality.
No target in view!
(D) Dungeon (T) Temple (L) Lair (A) Shoals (N) Spider Nest (M) Slime Pits (O) Orcish Mines (E) Elven Halls (V) Vaults (C) Crypt (U) Depths (H) Hell (Z) Zot
Where to? (Enter - D:1, ? - help)
A hell beast comes into view.
There is a stone staircase leading up here.
You climb upwards.
There is a stone staircase leading down here.
A lorocyproca comes into view.
Casting: Summon Horrible Things (mildly dangerous; 1% risk of failure)
Confirm with . or Enter, or press ? or * to list all spells.
You call out to the draconic realm, and the dragon horde roars back!
You now have 39/48 mp.
Unknown command.
A dragon arrives to answer your call!
You now have 38/48 mp.
A dragon arrives to answer your call! You block the lorocyproca's attack.
Your golden dragon bites the lorocyproca!!
Your golden dragon claws the lorocyproca but does no damage.
Your golden dragon closely misses the lorocyproca.
You now have 36/48 mp.
You barely miss the lorocyproca.
The lorocyproca is moderately wounded.
You puncture the lorocyproca!
Space warps horribly around the lorocyproca!!
You tail-slap the lorocyproca!
The lorocyproca is severely wounded.
A dragon arrives to answer your call! You block the lorocyproca's attack.
Your golden dragon bites the lorocyproca!!
The lorocyproca dies!
You now have 34/48 mp.
No target in view!
A green death comes into view.
You see here a +0 hand axe.
Things that are here:
a +0 robe; a +0 dagger You see here a +0 mace.
Your golden dragon disappears in a puff of smoke!
Your fire dragon disappears in a puff of smoke!
Your fire dragon disappears in a puff of smoke!
You see here a +0 short sword.
Things that are here:
a +0 plate armour; a +0 broad axe
There is an escape hatch in the ceiling, spattered with blood here.
A mysterious force pulls you upwards. The hatch slams shut behind you.
(D) Dungeon (T) Temple (L) Lair (A) Shoals (N) Spider Nest (M) Slime Pits (O) Orcish Mines (E) Elven Halls (V) Vaults (C) Crypt (U) Depths (H) Hell (Z) Zot
Where to? (Enter - D:10 @ (x,y), ? - help)
The roar of the dragon horde subsides.
There is an open door here.
You sense a monster nearby.
You regained 3 mp, and now have 47/48 mp.
MP restored: 48 An Orb Guardian comes into view.
There is a stone staircase leading up here.
You climb upwards.
There is a stone staircase leading down here.
You can once more reach out to the dragon horde.
An Orb Guardian comes into view.
There is a stone staircase leading up, spattered with blood here.
You climb upwards.
There is a stone staircase leading down, spattered with blood here.
Things that are here:
a +0 robe; a +0 flail
Items here: ))) [[[.
(D) Dungeon (T) Temple (L) Lair (A) Shoals (N) Spider Nest (M) Slime Pits (O) Orcish Mines (E) Elven Halls (V) Vaults (C) Crypt (U) Depths (H) Hell (Z) Zot
Where to? (Enter - D:8 @ (x,y), ? - help)
There is a stone staircase leading up, spattered with blood here.
Things that are here:
a +0 robe; a +0 great sword You climb upwards.
There is a stone staircase leading down here.
(D) Dungeon (T) Temple (L) Lair (A) Shoals (N) Spider Nest (M) Slime Pits (O) Orcish Mines (E) Elven Halls (V) Vaults (C) Crypt (U) Depths (H) Hell (Z) Zot
Where to? (Enter - D:6, ? - help)
There is a stone staircase leading up here.
You climb upwards.
There is a stone staircase leading down here.
(D) Dungeon (T) Temple (L) Lair (A) Shoals (N) Spider Nest (M) Slime Pits (O) Orcish Mines (E) Elven Halls (V) Vaults (C) Crypt (U) Depths (H) Hell (Z) Zot
Where to? (Enter - D:5, ? - help)
A cherub comes into view.
It is wielding a +0 long sword of flaming.
The cherub unwields a +0 long sword of flaming.
It stops flaming.
The cherub wields a +0 shortbow.
The cherub shoots an arrow.
You block the arrow.
There is a stone staircase leading up here.
You climb upwards.
There is a stone staircase leading down here.
(D) Dungeon (T) Temple (L) Lair (A) Shoals (N) Spider Nest (M) Slime Pits (O) Orcish Mines (E) Elven Halls (V) Vaults (C) Crypt (U) Depths (H) Hell (Z) Zot
Where to? (Enter - D:4, ? - help)
There is an open door here.
There is a stone staircase leading up here.
You climb upwards.
A tormentor comes into view.
There is a stone staircase leading down here.
You feel yourself speed up.
There is a stone staircase leading down here.
There is a stone staircase leading up here.
You climb upwards.
There is a stone staircase leading down here.
Casting: Dragon's Call (dangerous; 2% risk of failure)
Confirm with . or Enter, or press ? or * to list all spells.
Aiming: Passwall (safe; 1% risk of failure)
Press: ? - help, Dir - move target A rock wall.
This square is covered in magical glow.
You begin to meditate on the wall.
You continue meditating on the rock. x2
You finish merging with the rock.
You now have 46/48 mp.
There is a stone staircase leading up here.
You climb upwards.
There is a stone staircase leading down here.
Magic restored.
Your extra speed is starting to run out.
MP restored: 48 You feel yourself slow down.
There is a staircase leading out of the dungeon here.
Char dumped successfully.
You have escaped!

.##........##.≈≈(≈≈.# #......#.#
...........##.≈≈>≈≈.# #.#.##.#.#
...........##.§≈(≈≈.# #.#.##.#.#
...........##.≈≈≈≈≈.# #.#.##.#.#
...........##..≈≈≈..# #.#.##.#.#
...........##.......# #.#.##.#.#
..........{##.......# #.#.##.#.#
.##........##.......# #.#.##.#.#
.##........###..@..## #.#.#....#
.########..2.##########.#.#..#.#
.# ####.................#.# .#
#####..#####.#......#
.###############..........##.###
...................#....#.##.#
##.....##########....##.#.##.#
)'....................>.#.##.####
##.....######.......#####.##.#...


There were no monsters in sight!

Vanquished Creatures
  the Royal Jelly (Slime:5)
  2 dread liches (Vaults:5)
  An orb of fire (Zot:5)
  Josephina (Zot:1)
  4 Killer Klowns
  2 caustic shrikes (Depths:3)
  2 golden dragons
  2 electric golems
  5 tentacled monstrosities
  Asterion (Elf:2)
  A walking earthen tome (Depths:3)
  12 Orb Guardians (Zot:5)
  A walking crystal tome (Depths:3)
  2 deep elf blademasters (Elf:3)
  2 titans
  A lich (Vaults:3)
  3 quicksilver dragons
  5 acid blobs
  An eldritch tentacle (Zot:5)
  3 death cobs
  3 tengu reavers
  2 sphinxes (Vaults:4)
  8 storm dragons
  3 draconian monks
  6 frost giants
  5 shadow dragons
  4 fire giants
  5 azure jellies
  6 rockslimes (Slime:5)
  An orc warlord (Orc:2)
  9 vault wardens
  A draconian scorcher (Zot:2)
  4 draconian knights
  2 emperor scorpions
  5 ghost moths
  A balrug (Depths:1)
  An imperial myrmidon (Desolation)
  7 deep elf sorcerers
  2 deep elf elementalists
  3 draconian shifters
  12 ironbound preservers
  2 draconian annihilators
  2 draconian stormcallers
  12 quicksilver oozes
  A reaper (Gauntlet)
  A curse skull (Zig:1)
  A demonspawn blood saint (Zot:1)
  13 very ugly things
  5 ironbound thunderhulks
  A war gargoyle (Vaults:5)
  3 stone giants
  A spriggan defender (Depths:3)
  3 vampire knights
  A broodmother (Spider:3)
  2 deep elf demonologists
  5 white draconians
  A green draconian (Depths:4)
  7 black draconians
  8 dire elephants
  4 entropy weavers
  4 deep elf annihilators
  9 purple draconians
  2 spark wasps (Spider:4)
  4 red draconians
  4 deep elf death magi
  2 merfolk javelineers (Shoals:4)
  A crystal guardian (Desolation)
  5 ettins
  10 merfolk impalers
  A mummy priest (Zig:4)
  2 fire dragons
  5 great orbs of eyes
  A ragged hierophant (Desolation)
  11 yaktaur captains
  2 ice dragons
  6 jiangshi
  The ghost of qdestroyer the Spear-Bearer, a journeyman MiFi of Qazlal (Shoals:4)
  4 servants of whispers
  5 peacekeepers
  6 boulder beetles
  2 rakshasas
  A hell beast (Depths:1)
  3 hydras
  23 vault guards
  2 jorogumos
  An alligator snapping turtle (Shoals:4)
  3 spriggan air magi (Depths:4)
  2 merfolk aquamancers
  7 ironbound frosthearts
  12 centaur warriors
  2 merfolk avatars
  6 two-headed ogres
  A radroach (Spider:2)
  3 satyrs
  20 dancing weapons
  A deep troll shaman (Depths:1)
  2 vampire magi
  3 death yaks
  A spriggan berserker (Depths:4)
  An orc high priest (Orc:2)
  11 hell knights
  4 deep troll earth magi
  Nergalle (D:12)
  7 deep elf knights
  Amaemon (Lair:2)
  4 iron trolls
  2 sun demons (Depths:1)
  2 sixfirhies
  A pharaoh ant (Spider:3)
  8 sea snakes
  A quicksilver dragon simulacrum (Depths:1)
  A skeletal warrior (Depths:2)
  A steelbarb worm (Spider:4)
  A glowing orange brain (Depths:4)
  16 ironbound convokers
  A glowing orange brain (shapeshifter) (D:13)
  A flayed ghost (Depths:3)
  5 lindwurms
  6 phantasmal warriors
  43 deep trolls
  2 deep elf archers
  4 wizards
  3 orb spiders
  3 orc knights
  15 deep elf pyromancers
  21 harpies
  14 deep elf zephyrmancers
  6 necromancers
  21 ugly things
  A stone giant zombie (Vaults:4)
  14 wolf spiders
  A salamander (D:15)
  6 cyclopes
  6 manticores
  A shining eye (Slime:4)
  3 black mambas
  19 moths of wrath
  10 fauns
  4 molten gargoyles
  10 vault sentinels
  9 merfolk sirens
  3 elephants
  A storm dragon simulacrum (Zig:4)
  2 water nymphs
  An eye of devastation (Slime:4)
  2 orange demons
  A gargoyle (D:13)
  3 naga magi (Zig:7)
  2 guardian serpents
  9 cane toads
  3 torpor snails
  A rime drake (Gauntlet)
  A yaktaur (shapeshifter) (Depths:3)
  The ghost of angelusfrater the Caller, a novice MfSu (D:4)
  2 efreet
  A guardian mummy (Vaults:1)
  A kobold demonologist (D:13)
  10 komodo dragons
  4 demonic crawlers
  2 yaktaur zombies
  A tormentor (Zig:8)
  14 yaktaurs
  A freezing wraith (D:13)
  A hellwing (D:15)
  A tengu conjurer (Depths:4)
  A red devil (Depths:2)
  An ice devil (Depths:2)
  A meliai (D:15)
  8 trolls
  A silent spectre (Orc:1)
  A polar bear (Lair:5)
  11 merfolk
  2 merfolk (shapeshifter) (Depths:3)
  A wind drake (Shoals:1)
  21 saltlings
  A raiju (shapeshifter) (Vaults:5)
  4 snapping turtles
  32 slime creatures
  16 tarantellas
  A hornet (Depths:2)
  A dream sheep (shapeshifter) (Depths:3)
  5 dream sheep
  22 jumping spiders
  20 blink frogs
  An ettin zombie (Vaults:2)
  A flying skull (Zig:4)
  10 culicivoras
  An air elemental (Elf:2)
  A vampire (D:12)
  A dire elephant simulacrum (IceCv)
  21 yaks
  3 spriggans (Depths:2)
  A shadow (D:9)
  An ushabti (Zig:4)
  4 fire elementals
  19 water elementals
  9 golden eyes
  2 basilisks
  3 vampire mosquitoes
  A neqoxec (Depths:2)
  2 steam dragons (D:11)
  25 redbacks
  A human simulacrum (Vaults:2)
  3 hydra simulacra (IceCv)
  3 wargs (Orc:2)
  A floating eye (shapeshifter) (Depths:3)
  3 hell hounds (Zot:1)
  8 water moccasins
  2 sky beasts (D:11)
  An ogre skeleton (Vaults:4)
  22 orc warriors
  5 centaurs
  8 ogres
  4 wolves
  A boggart (Vaults:1)
  A kobold brigand (D:7)
  10 nameless horrors
  9 bullfrogs
  2 gnoll sergeants
  2 necrophages
  2 earth elementals (Elf:2)
  3 scorpions
  8 wights
  8 killer bees
  3 electric eels
  3 hounds
  7 jellies
  10 orc priests (Orc:2)
  An iguana (D:7)
  9 orc wizards
  A hell rat (Lair:3)
  A polar bear simulacrum (IceCv)
  A boggart simulacrum (D:15)
  2 mummies (Zig:4)
  7 gnolls
  9 adders
  6 river rats (Lair:3)
  2 white imps
  2 ufetubi (D:5)
  A worm (D:3)
  43 orcs
  5 ball pythons
  4 bats
  4 endoplasms
  3 giant cockroaches
  5 goblins
  4 hobgoblins
  5 kobolds
  5 quokkas
  A frilled lizard (D:1)
  2 rats (D:1)
1263 creatures vanquished.

Vanquished Creatures (collateral kills)
  2 dread liches (Zot:5)
  Tiamat (Zot:4)
  An orb of fire (Zot:5)
  An ancient lich (Zot:5)
  6 Killer Klowns
  Vv (Zot:4)
  A curse toe (Zot:4)
  6 golden dragons
  Bai Suzhen (Shoals:4)
  3 bone dragons
  2 doom hounds (Zig:8)
  3 Tzitzimimeh
  2 electric golems
  6 tentacled monstrosities
  A lich (Depths:2)
  11 Orb Guardians (Zot:5)
  7 quicksilver dragons
  An Executioner (Depths:4)
  2 deep elf master archers (Elf:3)
  12 acid blobs
  3 eldritch tentacles
  A kraken (Shoals:4)
  4 death cobs
  2 sphinxes
  8 shadow dragons
  3 rockslimes
  4 tengu reavers
  9 storm dragons
  5 draconian monks
  3 azure jellies
  Donald (Spider:1)
  3 fire giants
  A draconian knight (Zot:3)
  11 vault wardens
  2 draconian scorchers
  An emperor scorpion (Spider:2)
  9 deep elf sorcerers
  A frost giant (Vaults:2)
  A cacodemon (Depths:2)
  3 draconian shifters
  2 balrugs
  An angel (Zot:1)
  2 deep elf elementalists
  3 ghost moths
  4 draconian stormcallers (Zot:2)
  The ghost of drpainis the Imperceptible, an adept KoEn of Dithmenos (Spider:2)
  2 spriggan defenders (Depths:3)
  4 draconian annihilators
  16 ironbound preservers
  4 war gargoyles
  A demonspawn corrupter (Zot:1)
  2 broodmothers
  3 quicksilver oozes
  15 very ugly things
  2 ironbound thunderhulks (Vaults:1)
  7 stone giants
  6 green draconians
  6 deep elf demonologists
  4 deep elf annihilators
  6 white draconians
  2 black draconians
  A lorocyproca (D:10)
  4 yellow draconians
  2 vampire knights
  A halazid warlock (Desolation)
  An entropy weaver (Vaults:4)
  12 purple draconians
  9 dire elephants
  A minotaur (Gauntlet)
  A deep elf death mage (Elf:3)
  7 merfolk javelineers
  2 ettins
  Snorg (D:10)
  The ghost of SigmundSlayer the Protected, a journeyman DsBe of Trog (D:12)
  5 red draconians
  4 merfolk impalers (Shoals:4)
  The ghost of wingedge the Destroyer, a journeyman HuWn of Vehumet (D:12)
  A crystal guardian (Desolation)
  3 deep elf high priests
  8 great orbs of eyes
  4 yaktaur captains
  7 hydras
  A fire dragon (Depths:4)
  The ghost of Rem the Convoker, a journeyman BaSu of Cheibriados (D:12)
  4 ice dragons
  3 ragged hierophants (Desolation)
  A rakshasa (Depths:1)
  A servant of whispers (Desolation)
  A salamander tyrant (Zig:7)
  An ogre mage (Vaults:5)
  A jorogumo (Spider:2)
  A peacekeeper (Desolation)
  13 vault guards
  2 boulder beetles (Depths:1)
  A catoblepas (Lair:2)
  Erolcha (D:11)
  Erica (Orc:1)
  An ironbound frostheart (Vaults:4)
  3 death yaks (Lair:5)
  6 dancing weapons
  7 two-headed ogres
  A naga sharpshooter (Zig:7)
  A deep troll shaman (Depths:4)
  An alligator snapping turtle (Shoals:4)
  2 merfolk aquamancers (Shoals:4)
  3 deep troll earth magi
  3 orc high priests (Orc:2)
  3 spriggan berserkers
  5 hell knights
  2 sun demons (Depths:1)
  7 deep elf knights
  4 steelbarb worms
  A fire crab (shapeshifter) (D:13)
  A fire crab (Lair:5)
  2 sixfirhies (D:15)
  2 iron trolls
  2 pharaoh ants
  A skeletal warrior (Depths:2)
  5 sea snakes
  A salamander mystic (Zig:7)
  A bog body (IceCv)
  5 deep elf archers
  3 obsidian statues
  9 orb spiders
  Lodul (D:12)
  4 wizards
  A glowing orange brain (Depths:4)
  27 deep trolls
  A phantasmal warrior (Depths:1)
  9 ironbound convokers
  An orc knight (Orc:2)
  16 deep elf pyromancers
  12 harpies
  3 lindwurms
  7 deep elf zephyrmancers
  6 wolf spiders
  7 shining eyes
  27 ugly things
  5 orc sorcerers
  A mana viper (Zig:7)
  4 necromancers
  4 cyclopes
  2 manticores
  9 fauns
  2 elephants (shapeshifter) (Vaults:5)
  A stone giant zombie (Vaults:2)
  8 vault sentinels
  10 moths of wrath
  Maurice (D:11)
  3 black mambas
  4 water nymphs
  A molten gargoyle (Elf:1)
  3 guardian serpents
  An elf zombie (Vaults:2)
  5 elephants
  7 merfolk sirens
  An eye of devastation (Slime:4)
  A water nymph (shapeshifter) (Vaults:5)
  6 ice statues
  4 cane toads
  2 naga magi (Zig:7)
  Maggie (Lair:2)
  A storm dragon simulacrum (Zot:1)
  3 orange demons
  A freezing wraith (Vaults:5)
  20 yaktaurs
  A hellion (Zig:8)
  2 rime drakes
  A demonic crawler (Spider:3)
  An anaconda simulacrum (IceCv)
  2 tengu conjurers
  An efreet (D:13)
  A hellwing (Gauntlet)
  A kobold demonologist (D:14)
  2 komodo dragons (Lair:5)
  A golden dragon simulacrum (Zot:1)
  5 trolls
  4 ice devils (IceCv)
  4 hornets
  2 polar bears
  2 meliai (D:15)
  3 tyrant leeches (Lair:5)
  6 tarantellas
  5 wind drakes (Shoals:4)
  28 merfolk
  11 saltlings
  19 blink frogs
  3 snapping turtles (Shoals:3)
  59 slime creatures
  6 dream sheep
  8 jumping spiders
  An air elemental (Elf:2)
  A spriggan (Depths:4)
  4 water elementals
  2 dire elephant simulacra (IceCv)
  3 wyverns
  3 golden eyes
  22 yaks
  A wraith (D:11)
  10 culicivoras
  11 vampire mosquitoes
  A death yak simulacrum (IceCv)
  A purple draconian simulacrum (Zot:1)
  2 fire elementals
  Grum (D:11)
  A basilisk (D:8)
  Menkaure (D:6)
  16 redbacks
  2 wargs (Orc:2)
  3 water moccasins
  An acid dragon (D:12)
  3 hydra simulacra (IceCv)
  A glowing shapeshifter zombie (Vaults:4)
  A moth of wrath simulacrum (Zot:1)
  A hell hound (Zot:1)
  A floating eye (shapeshifter) (Vaults:4)
  3 black bears (D:5)
  A sky beast (D:11)
  21 orc warriors
  9 ogres
  2 boggarts (Vaults:1)
  12 centaurs
  10 wolves
  9 bullfrogs
  A gnoll sergeant (D:11)
  Blork the orc (D:6)
  3 cane toad simulacra
  A two-headed ogre simulacrum (Orc:1)
  11 wights
  7 killer bees
  An electric eel (Lair:5)
  7 nameless horrors
  2 lava snakes (Elf:1)
  7 jellies (Lair:5)
  25 orc priests
  2 gnoll boudas
  Jessica (D:2)
  6 orc wizards
  A hell rat (Lair:3)
  2 spriggan simulacra
  2 troll simulacra (Orc:1)
  A hound skeleton (D:8)
  4 mummies (Zig:4)
  Robin (D:4)
  15 gnolls
  3 naga simulacra (Orc:1)
  5 adders
  4 river rats (Lair:3)
  A shadow imp (D:7)
  A white imp (D:7)
  3 ufetubi
  A worm (D:3)
  A dart slug (D:2)
  58 orcs
  5 ball pythons
  2 bats
  2 endoplasms (D:1)
  15 goblins
  4 hobgoblins
  3 jackals (D:2)
  A quokka (D:1)
  A frilled lizard (D:1)
  10 kobolds
  2 rats
  A plant (Shoals:2)
  A tentacle (Shoals:4)
1226 creatures vanquished.

Vanquished Creatures (others)
  A golden dragon (Depths:3)
  An Orb Guardian (Zot:5)
  66 eldritch tentacles
  A frost giant (Depths:3)
  A white draconian (Zot:4)
  An orc high priest (Orc:2)
  A deep elf knight (Elf:2)
  A necromancer (Depths:4)
  2 deep elf pyromancers (Elf:1)
  A deep elf zephyrmancer (Orc:1)
  A yaktaur (Vaults:2)
  A slime creature (Slime:5)
  14 demonic plants (Gauntlet)
  18 fungi
  177 plants
  36 snaplasher vines
  3 tentacles (Shoals:4)
  29 withered plants
355 creatures vanquished.

Grand Total: 2844 creatures vanquished

Notes
Turn   | Place    | Note
-------+----------+-------------------------------------------
     0 | D:1      | mdonais the Palentonga Summoner began the quest for the
                  | Orb.
     0 | D:1      | Reached XP level 1. HP: 13/13 MP: 3/3
   118 | D:1      | Reached skill level 1 in Fighting
   298 | D:1      | Reached XP level 2. HP: 23/23 MP: 0/5
   315 | D:1      | Learned a level 2 spell: Call Imp
  1328 | D:2      | Reached XP level 3. HP: 27/29 MP: 6/6
  1729 | D:2      | Noticed Jessica
  1754 | D:2      | Killed Jessica
  1766 | D:2      | Reached XP level 4. HP: 12/37 MP: 7/7
  1982 | D:2      | Got Jessica's Omnibus of Charms
  2488 | D:3      | Learned a level 3 spell: Call Canine Familiar
  3101 | D:3      | Reached XP level 5. HP: 44/44 MP: 8/8
  3646 | D:4      | Noticed Robin
  3681 | D:4      | Killed Robin
  3692 | D:4      | Noticed a nameless horror
  3695 | D:4      | Killed a nameless horror
  3803 | D:4      | Found a runed translucent door.
  3804 | D:4      | Noticed angelusfrater's ghost (novice MfSu)
  3818 | D:4      | Killed angelusfrater's ghost
  3819 | D:4      | Reached XP level 6. HP: 33/52 MP: 10/10
  3991 | D:4      | Reached skill level 3 in Spellcasting
  3991 | D:4      | Gained mutation: You curl defensively after being hit. (AC
                  | +7*) [Palentonga growth]
  3991 | D:4      | Reached XP level 7. HP: 55/58 MP: 11/11
  4473 | D:5      | Entered Level 5 of the Dungeon
  4556 | D:5      | Found a shimmering altar of Xom.
  4557 | D:5      | Found a shimmering blue altar of Sif Muna.
  4606 | D:5      | Reached skill level 5 in Fighting
  4606 | D:5      | Reached skill level 5 in Summonings
  5144 | D:5      | Learned a level 3 spell: Inner Flame
  5213 | D:5      | Reached XP level 8. HP: 68/68 MP: 12/12
  5536 | D:6      | Noticed Blork the orc
  5542 | D:6      | Reached skill level 5 in Polearms
  5545 | D:6      | Killed Blork the orc
  5925 | D:6      | Noticed Menkaure
  5961 | D:6      | Killed Menkaure
  5970 | D:6      | Reached skill level 4 in Spellcasting
  6167 | D:6      | Found a staircase to the Ecumenical Temple.
  6173 | Temple   | Entered the Ecumenical Temple
  6173 | Temple   | Found a transporter.
  6173 | Temple   | Found a transporter.
  6175 | Temple   | Found a transporter.
  6175 | Temple   | Found a transporter.
  6206 | Temple   | Became a worshipper of Ashenzari the Shackled
  6892 | D:7      | Found Zeirauq's Jewellery Boutique.
  6962 | D:7      | Reached skill level 1 in Hexes
  6962 | D:7      | Reached XP level 9. HP: 64/73 MP: 10/15
  6966 | D:7      | Reached skill level 1 in Fire Magic
  9161 | D:7      | Reached skill level 5 in Spellcasting
  9166 | D:7      | Learned a level 4 spell: Summon Lightning Spire
  9329 | D:8      | Reached skill level 1 in Air Magic
  9581 | D:8      | Noticed a two-headed ogre
  9593 | D:8      | Killed a two-headed ogre
  9594 | D:8      | Reached XP level 10. HP: 81/81 MP: 8/17
  9633 | D:8      | Noticed a death yak
  9889 | D:8      | Noticed a nameless horror
  9900 | D:7      | Killed a nameless horror
 10040 | D:8      | Paralysed by an orc wizard for 4 turns
 10196 | D:8      | Found a staircase to the Lair.
 10211 | D:8      | Reached * piety under Ashenzari
 10498 | D:8      | Killed a death yak
 10540 | D:8      | Found a burning altar of Makhleb.
 10679 | D:9      | Noticed a two-headed ogre
 10685 | D:9      | Killed a two-headed ogre
 11581 | D:9      | Reached ** piety under Ashenzari
 12162 | D:9      | Noticed a two-headed ogre
 12171 | D:9      | Killed a two-headed ogre
 12172 | D:9      | Reached XP level 11. HP: 26/97 MP: 12/21
 12839 | D:10     | Entered Level 10 of the Dungeon
 12878 | D:10     | Reached skill level 5 in Dodging
 13126 | D:10     | Noticed a two-headed ogre
 13136 | D:10     | Killed a two-headed ogre
 13397 | D:10     | Reached *** piety under Ashenzari
 13526 | D:10     | Found Yxe Qoipp's General Store.
 13603 | D:10     | Noticed Snorg
 13637 | D:10     | Killed Snorg
 14177 | D:10     | Found Xuerided's General Store.
 14414 | D:10     | Reached **** piety under Ashenzari
 14521 | Lair:1   | Entered Level 1 of the Lair of Beasts
 14597 | D:11     | Noticed a red ugly thing
 14706 | D:10     | Killed a red ugly thing
 14890 | D:11     | Noticed Grum
 14895 | D:11     | Killed Grum
 14896 | D:11     | Reached skill level 1 in Armour
 14931 | D:11     | Reached skill level 1 in Evocations
 15071 | D:11     | Learned a level 2 spell: Blink
 15257 | D:11     | Reached skill level 1 in Translocations
 15278 | D:11     | Noticed Maurice
 15289 | D:11     | Killed Maurice
 15419 | D:11     | Noticed Erolcha
 15429 | D:11     | Killed Erolcha
 15430 | D:11     | Reached skill level 6 in Spellcasting
 15894 | D:8      | Reached XP level 12. HP: 92/110 MP: 18/25
 16199 | Lair:1   | Reached skill level 10 in Fighting
 16441 | Lair:1   | Noticed a five-headed hydra
 16476 | Lair:1   | Killed a 14-headed hydra
 16636 | Lair:1   | Reached skill level 10 in Polearms
 16654 | Lair:1   | Reached ***** piety under Ashenzari
 16711 | Lair:1   | Reached skill level 1 in Throwing
 16746 | Lair:1   | Noticed a seven-headed hydra
 16758 | Lair:1   | Killed an eight-headed hydra
 17158 | Lair:2   | Noticed Amaemon
 17175 | Lair:2   | Killed Amaemon
 17251 | Lair:2   | Noticed Maggie
 17266 | Lair:2   | Killed Maggie
 17438 | Lair:2   | Noticed a seven-headed hydra
 17438 | Lair:2   | Noticed a catoblepas
 17467 | Lair:2   | Killed a catoblepas
 17564 | Lair:2   | Killed an eight-headed hydra
 17860 | Lair:2   | Found a staircase to the Shoals.
 17977 | Lair:2   | Reached XP level 13. HP: 123/123 MP: 24/27
 18702 | Lair:3   | Found a hole to the Spider Nest.
 18968 | Lair:3   | Learned a level 7 spell: Summon Hydra
 19848 | Lair:5   | Entered Level 5 of the Lair of Beasts
 20060 | Lair:5   | Reached skill level 7 in Spellcasting
 20281 | Lair:5   | Found a staircase to the Slime Pits.
 20282 | Lair:5   | Found a viscous altar of Jiyva.
 20340 | Lair:5   | Reached skill level 10 in Summonings
 20556 | Lair:5   | Reached skill level 8 in Spellcasting
 21465 | Lair:5   | Identified the amulet "Ytomugorch" {Reflect -Cast *Corrode
                  | rElec SH+5 Stlth+}
 21477 | Lair:5   | Reached XP level 14. HP: 109/131 MP: 18/31
 22259 | Lair:5   | Reached skill level 9 in Spellcasting
 22839 | D:12     | Found Nufoepsi's Assorted Antiques.
 22898 | D:12     | Noticed Lodul
 22905 | D:12     | Killed Lodul
 23053 | D:12     | Noticed Rem's ghost (journeyman BaSu)
 23117 | D:12     | Noticed Nergalle
 23131 | D:12     | Killed Nergalle
 23170 | D:12     | Noticed SigmundSlayer's ghost (journeyman DsBe)
 23188 | D:12     | Learned a level 5 spell: Summon Forest
 23474 | D:12     | Found a staircase to the Orcish Mines.
 23995 | D:12     | Found a runed translucent gate.
 23996 | D:12     | Found a runed translucent gate.
 23998 | D:12     | Found a runed translucent gate.
 23999 | D:12     | Noticed wingedge's ghost (journeyman HuWn)
 23999 | D:12     | Identified the +0 quarterstaff of Tiblidy {vorpal, *Corrode
                  | rElec rC++ Int-3}
 24088 | D:12     | Killed wingedge's ghost
 24099 | D:12     | Killed Rem's ghost
 24100 | D:12     | Killed SigmundSlayer's ghost
 24275 | Orc:1    | Entered Level 1 of the Orcish Mines
 24275 | Orc:1    | Found a frozen archway.
 24525 | IceCv    | Entered an ice cave
 24745 | IceCv    | Reached skill level 5 in Evocations
 25428 | Orc:1    | Noticed Erica
 25436 | Orc:1    | Killed Erica
 25488 | Orc:1    | Found a transporter.
 25969 | Orc:1    | Noticed a stone giant
 25972 | Orc:1    | Found a bloodstained altar of Trog.
 25972 | Orc:1    | Found the necklace of Bloodlust {*Rage Will++ Int-3 Slay+6}
 26047 | Orc:1    | Found a transporter.
 26068 | Orc:1    | Found a runed translucent door.
 26073 | Orc:1    | Noticed a deep elf elementalist
 26089 | Orc:1    | Killed a stone giant
 26187 | Orc:1    | Reached XP level 15. HP: 88/140 MP: 33/33
 26575 | Orc:2    | Entered Level 2 of the Orcish Mines
 26921 | Orc:2    | Identified the ring of Koxood {Fly Int+6 Dex+2}
 27526 | Orc:2    | Found Taexaitaap's Antique Weapon Emporium.
 27739 | Orc:2    | Found Eluischa's Antique Weapon Shoppe.
 28338 | Orc:2    | Found the ring of the Hare {EV+8}
 28468 | Orc:2    | Found a staircase to the Elven Halls.
 28538 | Orc:2    | Noticed an orc warlord
 28558 | Orc:2    | Killed an orc warlord
 28958 | Orc:2    | Found Qumu Wai's Antique Weapon Shop.
 29058 | Orc:2    | Found Mogeqol's Magic Scroll Boutique.
 29169 | Orc:2    | Bought a scroll of acquirement for 780 gold pieces
 29169 | Orc:2    | Bought a scroll of acquirement for 780 gold pieces
 29171 | Orc:2    | Acquired the +1 barding of Veuj {rElec}
 29178 | Orc:2    | Acquired the +8 demon trident "Rift" {distort, reach+}
 29178 | Orc:2    | Found the +8 demon trident "Rift" {distort, reach+}
 29383 | Orc:2    | Bought a scroll of teleportation for 45 gold pieces
 29746 | D:13     | Learned a level 6 spell: Dispersal
 29857 | D:13     | Reached skill level 5 in Translocations
 30139 | D:13     | Found a gate to the Vaults.
 30651 | Spider:1 | Entered Level 1 of the Spider Nest
 31188 | Spider:1 | Noticed an emperor scorpion
 31204 | Spider:1 | Killed an emperor scorpion
 31454 | Spider:1 | Acquired the Discursus on Illusion
 31542 | Spider:1 | Noticed Donald
 31557 | Spider:1 | Killed Donald
 32084 | Spider:2 | Reached XP level 16. HP: 130/150 MP: 8/35
 32592 | Spider:2 | Paralysed by a jorogumo for 2 turns
 32671 | Spider:2 | Found a runed translucent door.
 32672 | Spider:2 | Found a shimmering altar of Xom.
 32672 | Spider:2 | Noticed drpainis's ghost (adept KoEn)
 32672 | Spider:2 | Identified the +4 glaive "Gokeul" {venom, rN+}
 32673 | Spider:2 | Identified the +7 broad axe of the Summoning Gods {chaos,
                  | *Noise rC++ Str+5}
 32686 | Spider:2 | Killed drpainis's ghost
 32816 | Spider:2 | Reached ****** piety under Ashenzari
 32935 | Spider:2 | Reached skill level 1 in Shields
 33522 | D:12     | Bought a shiny buckler for 187 gold pieces
 34099 | Spider:2 | Reached skill level 5 in Shields
 35450 | Spider:4 | Entered Level 4 of the Spider Nest
 35811 | Spider:4 | Learned a level 5 spell: Summon Mana Viper
 35943 | Spider:4 | Learned a level 7 spell: Malign Gateway
 36749 | Spider:4 | Reached XP level 17. HP: 161/161 MP: 17/36
 36940 | Spider:4 | Identified the +0 pair of gloves "Faihikk" {rCorr}
 36951 | Spider:4 | Got a gossamer rune of Zot
 37225 | Shoals:1 | Entered Level 1 of the Shoals
 37982 | Shoals:1 | Identified the +5 sling "Anaykkoi" {speed, rF+ rC+ Will-
                  | Stlth+}
 38022 | Shoals:1 | Found Cer Niof's Magic Scroll Shop.
 39701 | Shoals:3 | Found a flickering gateway to a bazaar.
 39726 | Bazaar   | Entered a bazaar
 39782 | Bazaar   | Found Fotuloigh's Armour Shop.
 39791 | Bazaar   | Found Pigettom's Weapon Emporium.
 39800 | Bazaar   | Found Ellih's Weapon Shoppe.
 39804 | Bazaar   | Found Fyuminke's Antique Armour Emporium.
 39811 | Bazaar   | Found Keimuxaq's Magic Scroll Shoppe.
 39828 | Bazaar   | Bought an ancient cloak for 247 gold pieces
 39828 | Bazaar   | Identified the +1 cloak of Patterns {rC+ Will+ Regen+
                  | Int+4} (You bought it in a shop in a bazaar)
 39842 | Bazaar   | Bought a faintly glowing robe for 148 gold pieces
 39842 | Bazaar   | Identified the +1 robe "Piudghe" {Rampage} (You bought it
                  | in a shop in a bazaar)
 39888 | Bazaar   | Bought a scroll of enchant armour for 60 gold pieces
 39888 | Bazaar   | Bought a scroll of teleportation for 24 gold pieces
 40007 | Shoals:3 | Reached skill level 10 in Shields
 40946 | Shoals:3 | Identified the +10 shortbow of Gehenna {flame, *Corrode rC+
                  | Int+7 Dex+2}
 41382 | Shoals:4 | Entered Level 4 of the Shoals
 42284 | Shoals:4 | Noticed qdestroyer's ghost (journeyman MiFi)
 42285 | Shoals:4 | Found a bloodstained altar of Trog.
 42291 | Shoals:4 | Found a transporter.
 42296 | Shoals:4 | Identified the +9 spear of Reapportionment {elec, Dex+4}
 42309 | Shoals:4 | Identified Loisadaj's Almanac of Ashen Formation
 42355 | Shoals:4 | Learned a level 7 spell: Monstrous Menagerie
 42439 | Shoals:4 | Noticed a kraken
 42446 | Shoals:4 | Killed a kraken
 42468 | Shoals:4 | Reached XP level 18. HP: 149/167 MP: 6/37
 42662 | Shoals:4 | Found a transporter.
 43080 | Shoals:4 | Noticed Bai Suzhen
 43094 | Shoals:4 | Killed Bai Suzhen
 43641 | Shoals:4 | Identified the ring of Agnosticism {rPois Int+2}
 43824 | Shoals:4 | Got a barnacled rune of Zot
 43885 | Shoals:4 | Reached skill level 5 in Armour
 45114 | D:14     | Found Feseux's Antique Weapon Emporium.
 45547 | D:15     | Entered Level 15 of the Dungeon
 45594 | D:15     | Found a gate leading to a gauntlet.
 45616 | Gauntlet | Entered a Gauntlet
 45616 | Gauntlet | Found a transporter.
 45630 | Gauntlet | Found a transporter.
 45640 | Gauntlet | Found a transporter.
 45645 | Gauntlet | Found a transporter.
 45660 | Gauntlet | Found a transporter.
 45678 | Gauntlet | Identified the ring "Hujogrus" {rElec rC- Dex+6 Slay+4}
 45679 | Gauntlet | Found a transporter.
 45691 | Gauntlet | Found a transporter.
 45704 | Gauntlet | Found a transporter.
 45705 | Gauntlet | Identified the amulet of Soisuen {Spirit rC+}
 45710 | Gauntlet | Found a transporter.
 45710 | Gauntlet | Found a transporter.
 45714 | Gauntlet | Found a transporter.
 45714 | Gauntlet | Found the amulet of the Four Winds {rN+ Will+++ Clar}
 45736 | Gauntlet | Found a transporter.
 45742 | Gauntlet | Found a transporter.
 45744 | Gauntlet | Found a transporter.
 45768 | Gauntlet | Found a transporter.
 45777 | Gauntlet | Found a transporter.
 45788 | Gauntlet | Identified the ring of Gaohot {rElec rN+ Will+ Int-2 SInv}
 45824 | Gauntlet | Found a transporter.
 45884 | Gauntlet | Found a transporter.
 46149 | Gauntlet | Reached skill level 15 in Summonings
 46149 | Gauntlet | Reached XP level 19. HP: 182/182 MP: 40/40
 46323 | D:15     | Learned a level 8 spell: Summon Horrible Things
 46520 | D:15     | Found a staircase to the Depths.
 47423 | Elf:1    | Entered Level 1 of the Elven Halls
 47851 | Elf:1    | Identified Nutraokk's Vellum of the Flock
 48620 | Elf:2    | Found Ameugav's Weapon Boutique.
 48706 | Elf:2    | Found a crumbling gateway.
 48739 | Desolati | Entered the Desolation of Salt
 48906 | Desolati | Identified the +9 glaive of Beyond {freeze, Dex+3}
 48908 | Desolati | Identified the ring of Fips {Fly rC+}
 48912 | Desolati | Identified the Octavo of Fog
 48922 | Desolati | Identified the Parchment of the Trees
 48941 | Desolati | Reached XP level 20. HP: 194/194 MP: 23/42
 48949 | Desolati | Identified Gusulel's Volume of Left-Handed Rites and
                  | Battling
 49101 | Desolati | Identified the ring "Hamilabi" {+Blink rF+ Int+3}
 49291 | Desolati | Found the +12 pair of quick blades "Gyre" and "Gimble"
                  | {protect}
 49298 | Desolati | Identified the Quarto of the Frosty Rocks
 49311 | Desolati | Identified the Tractate on Toxicity
 49556 | Desolati | Identified the ring of Dawn {rF+ rN+ Str+3}
 49564 | Desolati | Identified the amulet "Yvamnih" {Acrobat Str+3 Dex+4}
 49826 | Desolati | Reached skill level 10 in Spellcasting
 50449 | Elf:2    | Paralysed by an air elemental for 1 turns
 50490 | Elf:2    | Paralysed by an air elemental for 1 turns
 50901 | Elf:2    | Found a runed translucent gate.
 50902 | Elf:2    | Found a runed translucent gate.
 50902 | Elf:2    | Found a runed translucent gate.
 51195 | Elf:2    | Reached skill level 10 in Translocations
 51196 | Elf:2    | Noticed Asterion
 51203 | Elf:2    | Killed Asterion
 51942 | Elf:3    | Entered Level 3 of the Elven Halls
 52591 | Elf:3    | Identified the +3 scimitar of Mutilation {vorpal, Str+4
                  | Stlth+}
 52609 | Elf:3    | Identified the ring of Sempadar {Wiz *Slow rN+ Will- Dex+4}
 53077 | Elf:3    | Reached skill level 11 in Spellcasting
 53758 | Elf:3    | Identified the +7 halberd "Rujore" {holy, rF+ rC+ Dex+6}
 53808 | Elf:3    | Reached skill level 15 in Fighting
 54055 | Elf:3    | Identified the +3 flail of Evolution {distort, rPois}
 54055 | Elf:3    | Identified the Almanac of Productive Gloom
 54445 | Vaults:1 | Entered Level 1 of the Vaults
 54573 | Vaults:1 | Reached XP level 21. HP: 161/196 MP: 4/41
 54889 | Vaults:1 | Found a portal to a secret trove of treasure.
 56526 | Vaults:2 | Reached skill level 12 in Spellcasting
 56958 | Vaults:2 | Reached skill level 10 in Dodging
 57448 | Vaults:2 | Found Tudghoi's Distillery.
 57766 | Vaults:2 | Bought a potion of heal wounds for 55 gold pieces
 57766 | Vaults:2 | Bought a potion of heal wounds for 55 gold pieces
 57766 | Vaults:2 | Bought a potion of heal wounds for 55 gold pieces
 59112 | Vaults:3 | Reached XP level 22. HP: 211/211 MP: 23/45
 59802 | Vaults:3 | Found a staircase to the Crypt.
 60554 | Vaults:3 | Reached skill level 13 in Spellcasting
 61855 | Vaults:4 | Reached skill level 10 in Armour
 62454 | Vaults:4 | Identified the +1 morningstar "Ewi Upuss" {vorpal, +Blink
                  | rN+ Stlth-}
 63241 | Vaults:5 | Entered Level 5 of the Vaults
 63474 | Vaults:5 | Reached XP level 23. HP: 185/223 MP: 48/48
 63788 | Vaults:5 | Reached skill level 14 in Spellcasting
 64028 | Vaults:5 | Identified the +8 long sword "Faolaoq" {vorpal, +Blink rN+
                  | Str+4}
 64251 | Vaults:5 | Noticed a dread lich
 64333 | Vaults:5 | Killed a dread lich
 64836 | Vaults:5 | Noticed a dread lich
 64851 | Vaults:5 | Killed a dread lich
 65166 | Vaults:5 | Identified the +4 whip of Precise Incision {freeze, Fly
                  | Str+3}
 65447 | Vaults:5 | Got a silver rune of Zot
 65472 | Vaults:5 | Identified the +0 plate armour of Free Will {Harm Rampage
                  | rC- Int-5}
 65904 | Vaults:5 | Found Pegyityehi's Antique Weapon Boutique.
 66103 | Vaults:5 | Identified the +4 chain mail of Failure {Rampage rPois
                  | MP-9}
 66166 | Vaults:5 | Reached skill level 15 in Shields
 66885 | Depths:1 | Entered Level 1 of the Depths
 67079 | Depths:1 | Identified the +1 chain mail "Ticky" {Harm +Inv Fly Str-2}
 67295 | Depths:1 | Found a gateway to Hell.
 67535 | Depths:1 | Found Hoisu's Jewellery Shop.
 67538 | Depths:1 | Found Noygel's Book Shop.
 67538 | Depths:1 | Found Ryerihys's Antique Armour Shop.
 67602 | Depths:1 | Found Hemuze Odurph's Assorted Antiques.
 67615 | Depths:1 | Reached XP level 24. HP: 228/228 MP: 16/47
 68250 | Depths:1 | Found a one-way gate to the infinite horrors of the Abyss.
 68294 | Depths:1 | Found Nabu's Dragon-Slaying Spoils.
 68305 | Depths:1 | Bought +2 swamp dragon scales for 930 gold pieces
 68634 | Shoals:1 | Bought a scroll of enchant armour for 120 gold pieces
 68634 | Shoals:1 | Bought a scroll of teleportation for 48 gold pieces
 70294 | Depths:2 | Found a one-way gate leading to the halls of Pandemonium.
 70303 | Depths:2 | Gained mutation: Your magical capacity is low. (-10% MP) [a
                  | cacodemon]
 70448 | Depths:2 | Found a one-way gateway to a ziggurat.
 71115 | Depths:3 | Identified the ring of No Interval {rC+ Int+2 SInv}
 71188 | Depths:3 | Identified the +6 quick blade "Gozesk" {spect, Will+ MP+9
                  | Dex+2}
 72849 | Depths:4 | Entered Level 4 of the Depths
 73334 | Depths:4 | Found a gate to the Realm of Zot.
 73988 | Depths:4 | Identified the +2 leather armour "Vemesuj" {MP+9}
 74062 | Depths:4 | Learned a level 7 spell: Haunt
 74374 | Depths:4 | Reached skill level 1 in Necromancy
 74404 | Depths:4 | Reached XP level 25. HP: 226/234 MP: 5/42
 75068 | Zot:1    | Entered Level 1 of the Realm of Zot
 75076 | Zot:1    | Learned a level 3 spell: Swiftness
 75116 | Zot:1    | Learned a level 2 spell: Passwall
 75162 | Zot:1    | Reached skill level 1 in Transmutations
 75568 | Zot:1    | Reached skill level 5 in Necromancy
 75595 | Zot:1    | Reached skill level 15 in Spellcasting
 76386 | Zot:1    | Identified the ring "Fiotas" {Ice Str+5}
 76386 | Zot:1    | Noticed Josephina
 76398 | Zot:1    | Killed Josephina
 76522 | Zot:1    | Identified the ring of Makhleb's Esteem {AC+4 Int+6}
 77836 | Zot:2    | Noticed a Killer Klown
 77947 | Zot:2    | Noticed a Killer Klown
 77962 | Zot:2    | Killed a Killer Klown
 78580 | Zot:2    | Killed a Killer Klown
 79439 | Shoals:4 | Killed qdestroyer's ghost
 80015 | Slime:1  | Entered Level 1 of the Pits of Slime
 80259 | Slime:2  | Reached skill level 16 in Spellcasting
 80857 | Slime:4  | Reached XP level 26. HP: 247/247 MP: 10/43
 81106 | Slime:5  | Entered Level 5 of the Pits of Slime
 81463 | Slime:5  | Reached skill level 17 in Spellcasting
 81682 | Slime:5  | Identified Kirrisoa's Atlas of Glamour
 81683 | Slime:5  | Identified the +8 mace of the Inferno {vorpal, *Noise Str+4
                  | Dex+6}
 81683 | Slime:5  | Identified the +4 hand axe of the Establishment {venom,
                  | Int+3}
 81684 | Slime:5  | Found a viscous altar of Jiyva.
 81685 | Slime:5  | Noticed the Royal Jelly
 81694 | Slime:5  | Identified the amulet "Ethru" {Faith rElec}
 81726 | Slime:5  | Killed the Royal Jelly
 81960 | Slime:5  | Identified the +5 triple sword of Mayhem {chaos, rC++ rN+
                  | Int-4}
 82044 | Slime:5  | Got a slimy rune of Zot
 82877 | Depths:2 | Acquired the +2 barding "Pemayriele" {rPois Int-4 Slay+6
                  | Stlth+}
 82885 | Zig:1    | Entered Level 1 of a ziggurat
 83009 | Zig:2    | Entered Level 2 of a ziggurat
 83032 | Zig:2    | Reached XP level 27. HP: 256/256 MP: 22/44
 83113 | Zig:3    | Entered Level 3 of a ziggurat
 83117 | Zig:3    | Identified the +3 whip of Absolution {vorpal, Will+}
 83195 | Zig:4    | Entered Level 4 of a ziggurat
 83317 | Zig:5    | Entered Level 5 of a ziggurat
 83324 | Zig:5    | Found the ring of the Tortoise {AC+8}
 83427 | Zig:6    | Entered Level 6 of a ziggurat
 83577 | Zig:7    | Entered Level 7 of a ziggurat
 83687 | Zig:7    | Learned a level 9 spell: Dragon's Call
 83688 | Zig:8    | Entered Level 8 of a ziggurat
 84050 | Zot:3    | Identified the +10 sling of Terra Nullius {freeze, rC+ rN+
                  | Int+5}
 84057 | Zot:4    | Noticed Vv
 84078 | Zot:4    | Killed Vv
 84403 | Zot:4    | Found the +4 dragonskin cloak
 84403 | Zot:4    | Noticed Tiamat
 84619 | Zot:4    | Killed Tiamat
 84807 | Zot:4    | Reached skill level 18 in Spellcasting
 85382 | Zot:4    | Found a transporter.
 85383 | Zot:4    | Found a transporter.
 85384 | Zot:4    | Found a transporter.
 85389 | Zot:4    | Found a transporter.
 86265 | Zot:5    | Entered Level 5 of the Realm of Zot
 86265 | Zot:5    | Found a runed translucent gate.
 86265 | Zot:5    | Found a runed translucent gate.
 86265 | Zot:5    | Found a runed translucent gate.
 86267 | Zot:5    | Found an opulent altar of Gozag.
 86267 | Zot:5    | Noticed ShutUppercut's ghost (legendary DsGl)
 86598 | Zot:5    | Noticed an ancient lich
 86604 | Zot:5    | Killed an ancient lich
 86605 | Zot:5    | Reached skill level 19 in Spellcasting
 86629 | Zot:5    | Noticed an orb of fire
 86664 | Zot:5    | Noticed a dread lich
 86809 | Zot:5    | Killed an orb of fire
 86860 | Zot:5    | Killed a dread lich
 86861 | Zot:5    | Reached skill level 20 in Spellcasting
 86878 | Zot:5    | Noticed a dread lich
 87025 | Zot:5    | Killed a dread lich
 87438 | Zot:5    | Noticed an orb of fire
 87480 | Zot:5    | Banished an orb of fire
 87481 | Zot:5    | Reached skill level 21 in Spellcasting
 87542 | Zot:5    | Noticed an orb of fire
 87549 | Zot:5    | Gained mutation: You have hidden genetic potential. [an orb
                  | of fire]
 87566 | Zot:5    | Killed an orb of fire
 88256 | Vaults:1 | You paid a toll of +2 gold dragon scales to enter a
                  | treasure trove
 88257 | Trove    | Entered a treasure trove
 88798 | Zot:5    | Banished ShutUppercut's ghost
 89564 | Zot:5    | Got the Orb of Zot
 89663 | Zot:1    | Noticed a seraph
 90296 | D:$      | Escaped with the Orb!

Illustrated notes

Levels and vault maps discovered:
D:1:      lemuel_arrival_lava_pool, layout_basic
D:2:      layout_basic, kennysheep_jessica_study
D:3:      kennysheep_big_flooded_room, layout_loops_ring, minmay_fountain_box
D:4:      layout_basic, ebering_ghost_reflecting_pool, uniq_robin
D:5:      layout_cave_pods, grunt_temple_overflow_open, saegor_snake_ambush
D:6:      layout_cave_pods, minmay_temple_entry_hall, uniq_blork_the_orc,
          uniq_menkaure
D:7:      layout_loops_corners, serial_shops, nicolae_shop_hallway_plus,
          minmay_manual_mares
D:8:      layout_rooms, makhleb_blood_cavern_becter, david_lair_generic,
          nrook_campfire, minmay_strange_pillars
D:9:      layout_irregular_city
D:10:     layout_basic, serial_shops, nicolae_shop_trees, shop, uniq_snorg
D:11:     layout_loops_ring, hangedman_misty_isle, uniq_grum, uniq_erolcha,
          uniq_maurice
D:12:     layout_long_grid, minmay_orc_entry_temple_small,
          gammafunk_ghost_cemetery, serial_shops, shop_coins,
          chequers_serial_rivers_room_a, kennysheep_potato, uniq_lodul,
          uniq_nergalle
D:13:     layout_loops_ring, david_vaults_4
D:14:     layout_basic, serial_shops, nicolae_shop_overgrown_old_shop
D:15:     hangedman_depths_entry_try_elsewhere_first, layout_stronghold,
          kennysheep_crisscross, gauntlet_entry_generic
Temple:   hellmonk_temple_divided_pantheon
Lair:1:   layout_loops_ring, dreamdust_mushroom_princess
Lair:2:   layout_regular_city, elwin_shoals_entry_rooms, grunt_megastairs_2,
          lemuel_fruit_fields, uniq_maggie, uniq_amaemon
Lair:3:   layout_chaotic_city, spider_nest_entry_webs, kennysheep_rathole
Lair:4:   layout_cellular_growth, serial_bayou_lagoon_a
Lair:5:   minmay_lair_end_frog_pond, layout_cave_pods,
          minmay_slime_entry_jelly_boxes, grunt_forest_small_clearing_treed
Shoals:1: layout_shoals, serial_shops, shop_scrolls
Shoals:2: layout_shoals
Shoals:3: layout_shoals, serial_shops, bzr_entry_road
Shoals:4: shoals_end_simple, layout_shoals, gammafunk_ghost_wrathful_warriors,
          uniq_bai_suzhen
Spider:1: layout_cave_pods, uniq_donald
Spider:2: layout_chambers, ebering_ghost_xom
Spider:3: layout_spider_delve
Spider:4: grunt_spider_rune_parallel
Slime:1:  layout_caves
Slime:2:  layout_caves
Slime:3:  layout_caves, cheibrodos_slime_lost_civilization_5
Slime:4:  layout_caves, nicolae_slime_round_cave
Slime:5
Orc:1:    emtedronai_trogs_sanctum, layout_caves,
          portal_ice_cave_entry_ice_simulacra, basic_altar, uniq_erica
Orc:2:    pubby_orc_utopia
Elf:1:    layout_loops_cross, serial_aquarium, aquarium_bridge_square
          [aquarium_subvault_wall, aquarium_subvault_bridge,
          aquarium_subvault_wall, aquarium_subvault_balcony], aquarium_window_2,
          aquarium_window_fake, aquarium_window_fake, aquarium_window_1,
          aquarium_view_2a, aquarium_balcony_3b, minmay_elf_demonology,
          minivault_8
Elf:2:    nicolae_elf_blades_crystal_corner, layout_onion_city, serial_shops,
          nicolae_shop_statue_plus, portal_desolation_entry_nicolae_nacl,
          uniq_asterion
Elf:3:    minmay_elf_hall_spiked, layout_gridlike, grunt_megastairs_1
Vaults:1: ontoclasm_vaults_tryst, v_misc_9, nicolae_vaults_network_square,
          nicolae_vaults_what_the_h, vaults_room_grunt_arrival_ludios,
          v_misc_16, vaults_room_fancy_cross, serial_ice_b,
          ontoclasm_vaults_decontamination, hangedman_vaults_maws,
          layout_vaults_chaotic_city, nicolae_trove_entry_path_of_doom
Vaults:2: hangedman_vaults_nodes, nicolae_vaults_network_s,
          nicolae_vaults_specimen_jars, nicolae_vaults_meeting,
          nicolae_vaults_little_squares_6, ontoclasm_vaults_idyll,
          ontoclasm_vaults_chip, layout_vaults_omnigrid, serial_shops, shop
Vaults:3: ontoclasm_vaults_twist, minmay_crypt_entry_nasty_monster,
          hangedman_vaults_pinch, vaults_mumra_chevron, st_lattice, v_misc_18,
          vaults_room_grid, ontoclasm_vaults_ring_large, v_pattern_3, v_misc_29,
          hangedman_vaults_trim, layout_vaults_ring
Vaults:4: vaults_mumra_minichess, v_pattern_5, grunt_vaults_bifocal,
          nicolae_vaults_arrows, v_alt_pattern_6, vaults_dpeg_encased_lava,
          nicolae_vaults_circle_grid_b, v_misc_14, v_misc_33,
          nicolae_vaults_little_squares_4, vaults_room_fours,
          nicolae_vaults_display_case, layout_vaults_omnibox
Vaults:5
Depths:1: layout_forbidden_donut, abyss_entry, grunt_mini_vestibule,
          minmay_shop_grid_forest, nicolae_shop_dragon_depot,
          hangedman_stitches_earthworm
Depths:2: cheibrodos_tormentor_scu, layout_twisted_cross, enter_ziggurat_a,
          grunt_pan_entry_spiral, minmay_staircase_statues,
          grunt_hell_entry_dis_mu
Depths:3: minmay_box_of_curves, layout_gridlike, hell_entry, kennysheep_nub,
          hangedman_abyss_entry_splay, chequers_serial_rivers_room_a,
          uniq_margery
Depths:4: evilmike_zot_entry_hall, layout_gridlike, abyss_entry, hell_entry,
          grunt_megastairs_3, serial_bayou_shore_a
Zot:1:    layout_basic, uniq_josephina
Zot:2:    cheibrodos_zot_enchanting_chambers, layout_onion
Zot:3:    layout_gridlike, st_stairs_9, lemuel_elevator
Zot:4:    layout_cathedral_of_symmetry, nicolae_diode_quadrants,
          grunt_megastairs_5, uniq_vv, uniq_tiamat
Zot:5:    layout_twisted_circle, ebering_ghost_gozag

Skill      XL: |  1  2  3  4  5  6  7  8  9 10 11 12 13 14 15 16 17 18 19 20 21 22 23 24 25 26 27 |
---------------+----------------------------------------------------------------------------------+-----
Fighting       | 1 2 3 4 5 6 8 9 10 11 12 13 15 16 17 19 20 | 20.7
Summonings     | 4 5 6 7 8 10 11 12 13 14 15 16 17 19 20 | 20.1
Polearms       | 2 4 6 8 9 10 11 13 | 13.7
Spellcasting   | 3 4 5 6 8 9 11 12 13 14 16 17 21 | 21.9
Hexes          | 1 4 |  4.0
Fire Magic     | 2 |  2.6
Dodging        | 4 6 7 8 9 10 11 | 11.6
Air Magic      | 3 4 |  4.3
Stealth        | 2 |  2.0
Armour         | 1 2 3 4 6 7 8 9 10 11 12 | 12.4
Evocations     | 1 2 3 5 6 7 8 |  8.3
Translocations | 1 4 7 9 11 | 11.1
Throwing       | 2 |  2.0
Shields        | 7 10 11 12 14 15 17 18 19 | 19.1
Necromancy     | 2 6 |  6.2
Transmutations | 3 |  3.0
Earth Magic    | |  0.5

Action                   |  1- 3 |  4- 6 |  7- 9 | 10-12 | 13-15 | 16-18 | 19-21 | 22-24 | 25-27 || total
-------------------------+-------+-------+-------+-------+-------+-------+-------+-------+-------++-------
Melee: Club              |    28 |       |       |       |       |       |       |       |       ||    28
       Tailslap          |     6 |     6 |     9 |    32 |    73 |    49 |    36 |   133 |   127 ||   471
       Unarmed           |     1 |       |       |       |       |       |       |       |       ||     1
       Dagger            |    12 |    49 |       |       |       |       |       |       |       ||    61
       Whip              |    35 |       |       |       |       |       |       |       |       ||    35
       Punch             |     2 |     1 |     1 |       |       |       |       |       |       ||     4
       Trident           |       |    15 |   134 |       |       |       |       |       |       ||   149
       Halberd           |       |       |    38 |   271 |   680 |    61 |       |       |       ||  1050
       Demon trident     |       |       |       |       |       |   640 |   813 |  1302 |  1139 ||  3894
 Fire: Shortbow          |       |       |     1 |       |       |       |       |       |       ||     1
Throw: Javelin           |       |       |     3 |    20 |     6 |       |       |       |       ||    29
       Dart              |       |       |     1 |       |       |       |       |       |       ||     1
       Stone             |       |       |       |     2 |       |       |       |       |       ||     2
 Cast: Summon Small Mamm |    33 |    14 |    24 |     3 |       |       |       |       |       ||    74
       Call Imp          |    14 |    20 |    57 |    45 |     5 |       |       |       |       ||   141
       Call Canine Famil |       |     9 |    54 |    79 |    45 |       |       |       |       ||   187
       Summon Lightning  |       |       |       |    79 |    52 |     2 |       |       |       ||   133
       Inner Flame       |       |       |       |     4 |       |       |       |       |       ||     4
       Summon Hydra      |       |       |       |       |   162 |   163 |   122 |   134 |    56 ||   637
       Summon Forest     |       |       |       |       |    25 |    88 |    12 |    15 |    12 ||   152
       Blink             |       |       |       |       |     1 |       |       |     2 |     1 ||     4
       Malign Gateway    |       |       |       |       |       |    18 |    14 |    12 |    26 ||    70
       Summon Mana Viper |       |       |       |       |       |     9 |    13 |     6 |       ||    28
       Monstrous Menager |       |       |       |       |       |    23 |   105 |   197 |   119 ||   444
       Summon Horrible T |       |       |       |       |       |       |    25 |    21 |    30 ||    76
       Dispersal         |       |       |       |       |       |       |       |     1 |       ||     1
       Haunt             |       |       |       |       |       |       |       |       |    16 ||    16
       Dragon's Call     |       |       |       |       |       |       |       |       |    22 ||    22
       Passwall          |       |       |       |       |       |       |       |       |     5 ||     5
Invok: Curse Item        |       |       |     1 |     7 |     1 |     7 |     2 |     4 |       ||    22
       Shatter the Chain |       |       |       |       |     1 |     5 |     3 |     3 |       ||    12
 Abil: Rolling Charge    |     1 |     2 |     1 |       |       |       |       |       |       ||     4
Evoke: Wand              |       |       |     3 |       |     2 |     1 |       |     1 |     1 ||     8
       Condenser vane    |       |       |       |       |     2 |       |     1 |       |     3 ||     6
       Phial of floods   |       |       |       |       |     1 |       |       |       |       ||     1
       Box of beasts     |       |       |       |       |       |       |       |       |     1 ||     1
       Phantom mirror    |       |       |       |       |       |       |       |       |     1 ||     1
  Use: Scroll            |       |     5 |     4 |     7 |     6 |     6 |     2 |     4 |    16 ||    50
       Potion            |       |       |       |     5 |     1 |     1 |       |       |    17 ||    24
 Stab: Sleeping          |     1 |     1 |     1 |     1 |    15 |       |     7 |     7 |     5 ||    38
       Distracted        |       |       |     4 |     7 |    22 |    16 |    19 |    36 |    22 ||   126
       Paralysed         |       |       |     2 |       |       |       |     3 |     7 |     3 ||    15
       Petrifying        |       |       |       |       |       |       |     1 |       |       ||     1
       Confused          |       |       |       |       |       |       |       |     1 |     1 ||     2
Armor: Robe              |    37 |    20 |    55 |    48 |       |       |       |       |       ||   160
       Troll leather arm |       |       |       |    60 |   157 |   204 |    65 |   123 |       ||   609
       Swamp dragon scal |       |       |       |       |       |       |       |    36 |   138 ||   174
Dodge: Dodged            |    50 |    27 |    68 |   141 |   195 |   277 |   132 |   271 |   232 ||  1393
Block: Other             |       |       |    37 |    55 |    52 |       |       |       |       ||   144
       Reflection        |       |       |     6 |     2 |     2 |       |       |       |       ||    10
       Buckler           |       |       |       |       |       |   121 |       |       |       ||   121
       Kite shield       |       |       |       |       |       |    28 |   146 |   207 |       ||   381
       Tower shield      |       |       |       |       |       |       |       |   169 |   400 ||   569
